cohdb
Replays
Latest Replays
All Replays
Popular Replays
Top Player Replays
Match Explorer
How It Works
Community
CoH3 Stats
Reddit
Sign in to upload your games and track your stats! →
Sign in with Steam
Match 45917612
Unlisted
Match 45917612
Overview
Messages
Build Orders
End
Pioneer Squad
Construct Infanterie Kompanie
MG 42 Machine Gun Team
Grenadier Squad
Selects Breakthrough Battlegroup
Selects Assault Grenadiers
Grenadier Squad
Construct Panzergrenadier Kompanie
Construct Luftwaffe Kompanie
Selects Smoke Bombing Run
221 Scout Car
Flak 30 Anti-aircraft Gun Team
Medical Station
Jäger Squad
Selects Mechanized Assault Group
Mechanized Assault Group
Construct Panzer Kompanie
Panzer IV Medium Tank
Selects Rapid Production
Pioneer Squad
Stoßtruppen Squad
Sturmpanzer IV Brummbär
Panzer Officer Quarters
Selects Blitzkrieg
Blitzkrieg
✠Kaiser✠ tushkan
Nostalgi@
0
0
Comments
sign in to comment!
No comments posted yet!